 Dungeon Crawl Stone Soup version 0.29.1-4-g47bece8355 (webtiles) character file.

Game seed: 9446265813192793253

19 GigaChad the Trooper (level 2, -4/25 HPs)
             Began as a Djinni Cinder Acolyte on Dec 6, 2022.
             Was a High Priest of Ignis.
             Slain by Natasha (7 damage)
             ... on level 2 of the Dungeon.
             The game lasted 00:01:04 (1152 turns).

GigaChad the Trooper (Djinni Cinder Acolyte)        Turns: 1152, Time: 00:01:05

Health: -4/25      AC:  2    Str: 13    XL:     2   Next: 95%
Gold:   81         EV: 11    Int: 15    God:    Ignis [*****.] SH:  0 Dex:  8

rFire   + + +      SeeInvis .   a - -1 hand axe (flame)
rCold   x . .      Faith    .   (no shield)
rNeg    . . .      Spirit   .   b - +0 robe
rPois   ∞          Reflect  .   (no helmet)
rElec   .          Harm     .   (no cloak)
rCorr   .          Rampage  .   (no gloves)
Will    .....                   (boots unavailable)
Stlth   +.........              (no amulet)
HPRegen 0.08/turn               (no ring)
MPRegen 0.00/turn               (no ring)

@: flying
A: sickness immunity, fire resistance 2, cold vulnerability 1, float, innate
caster, HP casting, extra vitality 1
a: Renounce Religion, Fiery Armour, Foxfire Swarm, Rising Flame


You were on level 2 of the Dungeon.
You worshipped Ignis.
Ignis was extremely pleased with you.
You visited 1 branch of the dungeon, and saw 2 of its levels.

You collected 81 gold pieces.

Inventory:

Hand Weapons
 a - a -1 hand axe of flaming (weapon)
Armour
 b - a +0 robe (worn)
Scrolls
 e - a scroll of teleportation {unknown}
 f - a scroll of brand weapon {unknown}
 j - a scroll of butterflies {unknown}
Potions
 c - a potion of curing {unknown}
 d - a potion of degeneration {unknown}
 g - 2 potions of haste {unknown}
 h - a potion of flight {unknown}
 i - a potion of ambrosia {unknown}


   Skills:
 + Level 3.2 Fighting
 + Level 2.6 Axes
 + Level 2.7 Spellcasting


You had 4 spell levels left.
You knew the following spells:

 Your Spells              Type           Power      Damage    Failure   Level
a - Scorch                Fire           20%        2d6       10%         2
Your spell library was empty.

Dungeon Overview and Level Annotations

Branches:
Dungeon (2/15)

Altars:

Annotations:
D:2 Natasha, Robin


Innate Abilities, Weirdness & Mutations

You are immune to sickness and miasma.
You are immune to poison.
Your flesh is very heat resistant. (rF++)
You are vulnerable to cold. (rC-)
You float through the air rather than walking.
You learn spells naturally, not from books.
Your magical power is your life essence.
You have superior vitality. (+4 MHP)


Message History

Natasha mumbles some strange words.
An endoplasm comes into view.
The goblin barely misses you.
You closely miss the goblin. You hit the goblin. You burn the goblin.
You kill the goblin!
Natasha stares at you and mumbles some strange words.
The magic dart hits you. The goblin hits you with a +0 club.
You hit the goblin. You burn the goblin.
You kill the goblin!
You hit the hobgoblin but do no damage. The hobgoblin closely misses you.
You hit the hobgoblin. You burn the hobgoblin.
The hobgoblin is severely wounded.
You hit the hobgoblin but do no damage.
The endoplasm jiggles.
The hobgoblin closely misses you.
The endoplasm jiggles.
The hobgoblin barely misses you.
The goblin unwields a +0 club.
The goblin wields a +0 sling.
The goblin shoots a sling bullet.
The sling bullet hits you but does no damage.
You completely miss the hobgoblin.
The hobgoblin is severely wounded.
You completely miss the hobgoblin. You closely miss the shadow imp.
The shadow imp hits you. The hobgoblin hits you.
Natasha claws you but does no damage. The hobgoblin barely misses you.
The goblin shoots a sling bullet.
The sling bullet hits you.
You hear a shout!
You hit the hobgoblin but do no damage.
The hobgoblin is severely wounded.
You hit the hobgoblin. You burn the hobgoblin. You closely miss the shadow imp.
You closely miss Natasha. The shadow imp hits you. Natasha misses you.
The hobgoblin barely misses you. The shadow imp closely misses you.
You hit the hobgoblin. You burn the hobgoblin.
You kill the hobgoblin!
You closely miss the hobgoblin. You closely miss the shadow imp.
You barely miss Natasha. Natasha claws you.
* * * LOW HITPOINT WARNING * * *
The hobgoblin hits you but does no damage.
The shadow imp hits you but does no damage.
Natasha attacks as you move away! Natasha claws you!
You die...

#.#.... . #...#.$
.. ##.#.... ...
..... .... ....
..... ##.###....
#..ggg##hg5.#...
#..JgJggg@#.##..
###.#####†#.##..
# #.#.##.# ...
#.#.##.######..#
#†.............##
###.##.†.<.......
#.##..#####.###
#.##..# #.##..#


You could see Natasha, a shadow imp (summoned), 2 endoplasms, a hobgoblin and 7
goblins.

Vanquished Creatures
  2 bats (D:1)
  2 endoplasms (D:1)
  3 goblins
  2 hobgoblins (D:2)
  2 ball pythons
  4 frilled lizards (D:1)
  4 rats (D:1)
19 creatures vanquished.

Notes
Turn   | Place    | Note
-------+----------+-------------------------------------------
     0 | D:1      | GigaChad the Djinni Cinder Acolyte began the quest for the
                  | Orb.
     0 | D:1      | GigaChad set off with the following spells memorised:
                  | Scorch.
     0 | D:1      | Reached XP level 1. HP: 20/20 MP: 0/0
   668 | D:1      | Reached XP level 2. HP: 24/25 MP: 0/0
  1139 | D:2      | Noticed Robin
  1142 | D:2      | Noticed Natasha
  1152 | D:2      | Slain by Natasha

Illustrated notes

Levels and vault maps discovered:
D:1:      dpeg_arrival_arbitrary_c, layout_loops_ring, minivault_4
D:2:      layout_loops_ring, basic_ecumenical_altar, uniq_natasha, uniq_robin

Action                   || total
-------------------------++-------
Melee: Hand axe          ||    60
Armor: Robe              ||    26
Dodge: Dodged            ||    52
